 Dungeon Crawl Stone Soup version 0.18-a0-49-gd105b5a (webtiles) character file.

229 SlimeFever the Insei (level 6, 0/38 HPs)
             Began as an Octopode Transmuter on Nov 7, 2015.
             Succumbed to an adder's poison
             ... on level 3 of the Dungeon.
             The game lasted 00:22:31 (2724 turns).

SlimeFever the Insei (Octopode Transmuter)          Turns: 2724, Time: 00:22:31

Health: 0/38       AC:  1    Str:  8 (9)  XL:     6   Next: 3%
Magic:  7/10       EV: 13    Int: 16      God:
Gold:   166        SH:  0    Dex: 14      Spells: 3 memorised, 2 levels left

rFire  . . .     SeeInvis .       - Unarmed
rCold  . . .     Clarity  .     (no shield)
rNeg   . . .     SustAt   .     (helmet restricted)
rPois  .         Gourm    .     (no amulet)
rElec  .         Spirit   .     (no ring)
rCorr  .         Warding  .     (no ring)
rMut   .         Stasis   .     (no ring)
MR     .....                    (no ring)
Stlth  +++.......               (no ring)
                                (no ring)
                                (no ring)
                                (no ring)

@: lethally poisoned (0 -> -13), appendage (expiring), not resistant to hostile
enchantments, fairly stealthy
A: almost no armour, amphibious, 8 rings, constrict 8, tentacle spike 3,
camouflage 1, gelatinous body 1
a: End Transformation


You were on level 3 of the Dungeon.
You were not hungry.
One of your tentacles had a temporary spike.
You visited 1 branch of the dungeon, and saw 3 of its levels.

You collected 166 gold pieces.

Inventory:

Missiles
 a - 46 arrows
 h - 3 curare-tipped needles
 l - 19 bolts
 m - 24 poisoned needles
Scrolls
 f - a scroll of remove curse
 g - a scroll of recharging
 j - a scroll of identify
Potions
 d - a potion of cure mutation
 k - a potion of resistance
Books
 b - a book of Changes

   Spells                             Type                      Level
   a - Beastly Appendage              Transmutation                1
   b - Sticks to Snakes               Transmutation                2
   c - Spider Form                    Transmutation/Poison         3
   d - Ice Form                       Ice/Transmutation            4
   e - Blade Hands                    Transmutation                5
Comestibles
 c - 5 bread rations
 p - 2 slices of pizza


   Skills:
 + Level 1.2 Fighting
 + Level 3.3 Dodging
 + Level 1.5 Stealth
 * Level 4.2 Unarmed Combat
 + Level 2.8 Spellcasting
 * Level 3.3 Transmutations
 + Level 0.5 Poison Magic


You had 2 spell levels left.
You knew the following spells:

 Your Spells              Type           Power        Failure   Level  Hunger
a - Beastly Appendage     Trmt           ##....       6%          1    #......
b - Spider Form           Trmt/Pois      #.........   28%         3    ###....
c - Ice Form              Ice/Trmt       #.......     91%         4    #####..


Dungeon Overview and Level Annotations

Branches:
Dungeon (3/15)

Altars:


Innate Abilities, Weirdness & Mutations

You cannot wear most types of armour.
You are amphibious.
You can wear up to eight rings at the same time.
You can use your tentacles to constrict eight enemies at once.
Your skin changes colour to match your surroundings (Stealth).
Your rubbery body absorbs attacks (AC +1).
One of your tentacles bears a large vicious spike.


Message History

The adder closely misses you. The adder bites you.
You are more poisoned.
The adder poisons you!
* * * LOW HITPOINT WARNING * * *
You feel sick. The adder closely misses you.
* * * LOW HITPOINT WARNING * * *
You feel sick. The adder bites you.
* * * LOW HITPOINT WARNING * * *
It was a potion of degeneration.
There was something very wrong with that liquid.
You feel weakened. The adder barely misses you. The adder bites you.
* * * LOW HITPOINT WARNING * * *
You are more poisoned.
The adder poisons you!
It was a potion of cancellation.
Your magical effects are unravelling.
Your magical contamination has completely faded away.
You feel magically purged.
You die...

###..#.########.# #........#.##.
.##..# #.####..#####.#.##. .##..#
#######...............#.. .##..#
........####..#######.### .....#
.....#..####.........)# ###.##
###.#.....##...######.# .##.#
........$.#...# #.#
.##.######.....##..#...######.#
...............#@S.#.).#......###
.##.######.....#...#.............
.##.# #.....#.#.#...#...##.###
.##.# ###.#.....#.......##.#
.##.# #. ##.###.########.# ..#.#
..#............# ..#.#
.....#.########## ....# ######.#
.#..# ..#


You could see an adder.

Vanquished Creatures
  4 orc wizards (D:3)
  Terence (D:3)
  2 adders
  2 worms (D:2)
  4 orcs (D:3)
  A ball python (D:3)
  3 giant cockroaches
  3 goblins
  9 hobgoblins
  6 kobolds
  14 bats
  8 giant newts
  8 rats
65 creatures vanquished.

Notes
Turn   | Place    | Note
--------------------------------------------------------------
     0 | D:1      | SlimeFever the Octopode Transmuter began the quest for the Orb.
     0 | D:1      | Reached XP level 1. HP: 13/13 MP: 3/3
    54 | D:1      | You fall through a shaft!
    82 | D:2      | Reached XP level 2. HP: 8/18 MP: 3/5
   557 | D:1      | Reached XP level 3. HP: 20/23 MP: 4/6
   930 | D:2      | Learned a level 3 spell: Spider Form
   939 | D:2      | Gained mutation: You are dopey. (Int -2) [potion of mutation]
   939 | D:2      | Gained mutation: You expend magic power (3 MP) to strengthen your wands. [potion of mutation]
   939 | D:2      | Gained mutation: You evolve. [potion of mutation]
  1123 | D:2      | Lost mutation: You are dopey. (Int -2) [potion of cure mutation]
  1123 | D:2      | Lost mutation: You expend magic power (3 MP) to strengthen your wands. [potion of cure mutation]
  1123 | D:2      | Lost mutation: You evolve. [potion of cure mutation]
  1164 | D:2      | Reached skill level 1 in Stealth
  1845 | D:3      | Reached XP level 4. HP: 25/28 MP: 0/7
  1862 | D:3      | Reached skill level 4 in Unarmed Combat
  1862 | D:3      | Reached XP level 5. HP: 12/33 MP: 1/9
  1883 | D:3      | HP: 1/33 [poisoned by an orc wizard]
  2295 | D:3      | Noticed Terence
  2360 | D:3      | Killed Terence
  2490 | D:3      | Reached XP level 6. HP: 36/38 MP: 7/10
  2505 | D:3      | Learned a level 4 spell: Ice Form
  2724 | D:3      | Succumbed to an adder's poison

Vault maps used:
D:1:      sevenhm_arrival_forest_fort_small_6, minivault_23,
          minmay_misc_feat_alley
D:3:      first_bread, minmay_misc_feat_columns, uniq_terence

Action                   |  1- 3 |  4- 6 || total
-------------------------+-------+-------++-------
Melee: Unarmed           |    99 |    70 ||   169
 Cast: Beastly Appendage |    22 |     6 ||    28
       Spider Form       |     4 |     5 ||     9
  Use: Scroll            |    10 |       ||    10
       Potion            |     2 |     3 ||     5
 Stab: Sleeping          |     8 |     6 ||    14
  Eat: Meat ration       |     1 |     1 ||     2
